 Dungeon Crawl Stone Soup version 0.28-a0-305-g9e858e973b (webtiles) character file.

Game seed: 14081424506212208445

54988 dolemite99 the Basher (level 14, -2/166 HPs)
             Began as a Demonspawn Berserker on Aug 30, 2021.
             Was a High Priest of Trog.
             Slain by an orc high priest (11 damage)
             ... on level 2 of the Orcish Mines.
             The game lasted 00:36:08 (32231 turns).

dolemite99 the Basher (Demonspawn Berserker)       Turns: 32231, Time: 00:36:09

Health: -2/166     AC:  8    Str: 22    XL:     14   Next: 36%
Magic:  14/14      EV:  8    Int:  9    God:    Trog [*****.]
Gold:   1642       SH:  0    Dex: 19    Spells: 13/13 levels left

rFire   . . .      SeeInvis .   b - +2 dire flail (elec)
rCold   . . .      Faith    +   (shield currently unavailable)
rNeg    + . .      Spirit   .   J - +0 plate armour
rPois   .          Reflect  .   (helmet restricted)
rElec   .          Harm     .   C - +0 cloak
rCorr   .          Rampage  .   D - +1 pair of gloves
Will    +++..                   (no boots)
Stlth   ..........              A - amulet of faith
HPRegen 1.37/turn               m - ring of positive energy
MPRegen 0.28/turn               c - +6 ring of dexterity

@: berserking, lethally poisoned (-2 -> -4), strong-willed, corroded,
regenerating, very quick
A: antennae 2, icy blue scales 1, icemail 1, magic regeneration, condensation
shield
a: Renounce Religion, Berserk, Trog's Hand, Brothers in Arms


You were on level 2 of the Orcish Mines.
You worshipped Trog.
Trog was extremely pleased with you.
You visited 3 branches of the dungeon, and saw 20 of its levels.

You collected 1981 gold pieces.
You spent 339 gold pieces at shops.

Inventory:

Hand Weapons
 b - a +2 dire flail of electrocution (weapon)
 j - a +0 flail of venom
 w - a +0 hunting sling
 M - a +0 dire flail of freezing
 X - a +2 whip of pain
 Y - a +5 vorpal great mace
Missiles
 q - 708 stones
 u - 297 arrows
 x - 10 boomerangs (quivered)
 z - 23 poisoned darts
 E - 9 javelins
 N - 165 sling bullets
Armour
 a - the +4 ring mail "Vearuobb" {Harm Str+4}
   (You found it on level 9 of the Dungeon)

   Str:       It affects your strength (+4).
   Harm:      It increases damage dealt and taken.
 C - a +0 cloak (worn)
 D - a +1 pair of gloves (worn)
 J - a +0 plate armour (worn)
Jewellery
 c - a +6 ring of dexterity (right hand)
 m - a ring of positive energy (left hand)
 A - an amulet of faith (around neck)
 H - an amulet of guardian spirit
 P - a ring of flight
 R - a +4 ring of protection
 S - a +6 ring of dexterity
 V - a ring of willpower
Wands
 k - a wand of charming (12)
 B - a wand of paralysis (19)
 O - a wand of flame (1)
 W - a wand of iceblast (9)
Scrolls
 g - a scroll of silence
 i - 5 scrolls of magic mapping
 l - 2 scrolls of vulnerability
 p - 4 scrolls of teleportation
 v - 2 scrolls of fog
 F - a scroll of torment
 G - 5 scrolls of identify {@r1}
 Q - a scroll of blinking
 T - a scroll of fear
Potions
 d - a potion of resistance
 e - 2 potions of ambrosia
 f - 4 potions of lignification
 h - 3 potions of flight
 n - 3 potions of berserk rage
 o - 2 potions of heal wounds
 r - 7 potions of curing
 s - 2 potions of attraction
 t - a potion of mutation
 I - a potion of degeneration
 K - 2 potions of brilliance
 L - a potion of cancellation
 U - a potion of magic
Miscellaneous
 y - a box of beasts (inert)


   Skills:
 + Level 10.8 Fighting
 + Level 13.8 Maces & Flails
 - Level 12.6 Throwing
 + Level 10.8 Armour
 - Level 1.7 Dodging
 - Level 9.4 Evocations


You had 13 spell levels left.
You didn't know any spells.
Your spell library was empty.

Dungeon Overview and Level Annotations

Branches:
Dungeon (12/15)            Temple (0/1) D:6            Lair (6/6) D:10
 Shoals (0/4) Lair:4        Snake (0/4) Lair:4        Slime (0/5) Lair:6
    Orc (2/2) D:10            Elf (0/3) Orc:2

Altars:
Cheibriados
Dithmenos
Elyvilon
Hepliaklqana
Makhleb
Okawaru
Trog
Uskayaw
Wu Jian
Xom
Yredelemnul
Zin
The Shining One
Beogh
Jiyva

Shops:
D:4 [   D:5 *   D:12 :

Annotations:
Lair:1 exclusion: 3 oklob plants
Lair:6 exclusion: oklob plant


Innate Abilities, Weirdness & Mutations

You have a pair of antennae on your head.
You are partially covered in icy blue scales. (AC +2)
A meltable icy envelope protects you from harm. (AC +0)
You regenerate magic rapidly.
A meltable shield of frost defends you. (SH +0)


Message History

* * * LOW HITPOINT WARNING * * *
You barely miss the orc sorcerer.
The orc sorcerer is almost dead.
You feel sick.
The orc sorcerer hits you with a +0 dagger of venom.
* * * LOW HITPOINT WARNING * * *
You are more poisoned.
An orc priest comes into view. It is wielding a +2 dagger of draining.
The orc priest shouts!
You puncture the orc sorcerer!
Lightning courses through the orc sorcerer!
You kill the orc sorcerer!
Trog accepts your kill.
Trog appreciates your killing of a magic user.
The red devil disappears in a puff of smoke! x2
You feel sick.
The orc wizard hits you but does no damage.
The orc hits you with a +0 flail.
* * * LOW HITPOINT WARNING * * *
The ufetubus barely misses you. The ufetubus hits you.
* * * LOW HITPOINT WARNING * * *
You barely miss the orc high priest.
You feel sick. The ynoxinul hits you.
* * * LOW HITPOINT WARNING * * *
The orc high priest hits you with a +0 glaive!
* * * LOW HITPOINT WARNING * * *
The rust devil hits you. The rust devil corrodes you!
You puncture the orc high priest!
The orc high priest is lightly wounded.
You feel sick. The orc hits you but does no damage. The orc wizard misses you.
You closely miss the orc high priest.
The orc high priest is lightly wounded.
You feel sick. The ufetubus barely misses you. x2
You hit the orc high priest.
The orc high priest is moderately wounded.
You feel sick. The ynoxinul hits you.
* * * LOW HITPOINT WARNING * * *
The ufetubus hits you but does no damage.
The ufetubus barely misses you. The rust devil barely misses you.
The orc high priest hits you with a +0 glaive!
You die...

,,,..................#.......#...
,,,*.......)...).....#.......#..#
,,,##................##.....##.)#
,,.........).........####)####...
,,.............)..)..............
............)..)....).........#.)
.........)....#....)#)....)....#.
..............§345..........)..##
.............§55@5......)........
...........)...ooo..........##.##
.......#..o.)..............##.)#)
.......#)..)..............##.....
.......)..................)......
...o.#....#.#.#...............)..
..........####.................).
..#.##...## ##..................
,,#**##.## ##....#.....##..)).


You could see an orc high priest, a rust devil (summoned), a ynoxinul
(summoned), an orc priest, an orc wizard, an orc and 4 ufetubi.

Vanquished Creatures
  2 boulder beetles
  6 hydras
  A catoblepas (Lair:6)
  4 two-headed ogres
  4 death yaks
  2 orc high priests (Orc:2)
  An orc knight (Orc:2)
  2 orc sorcerers (Orc:2)
  3 cyclopes
  A manticore (D:12)
  2 centaur zombies
  Joseph (D:9)
  11 elephants
  7 black mambas
  A torpor snail (Lair:4)
  12 cane toads
  An unseen horror (D:11)
  9 komodo dragons
  3 rime drakes
  3 trolls
  8 polar bears
  A hornet (D:8)
  Grinder (D:5)
  13 blink frogs
  A meliai zombie (D:11)
  2 wyverns
  Sigmund (D:5)
  2 wraiths
  A shadow (D:11)
  33 yaks
  6 basilisks
  Eustachio (D:5)
  4 vampire mosquitoes (D:12)
  2 steam dragons
  3 nagas (Lair:4)
  Edmund (D:6)
  2 wargs (Orc:2)
  14 water moccasins
  An acid dragon (D:12)
  Duvessa (D:5)
  A hornet zombie (D:8)
  21 orc warriors
  3 black bears
  4 sky beasts
  A necrophage (D:7)
  9 ogres
  20 wolves
  5 centaurs
  A phantom (D:5)
  4 kobold brigands
  17 bullfrogs
  A gnoll sergeant (D:4)
  2 scorpions
  A water moccasin zombie (D:7)
  A water moccasin skeleton (D:6)
  Dowan (D:5)
  3 howler monkeys
  4 wights (D:8)
  8 hounds
  2 jellies
  28 orc priests
  A gnoll shaman (D:8)
  An iguana (D:4)
  24 orc wizards
  5 hell rats (Lair:5)
  A hound zombie (D:5)
  A hound skeleton (D:4)
  8 gnolls
  5 river rats (Lair:5)
  5 adders
  16 white imps
  An ufetubus (D:5)
  A worm (D:2)
  A dart slug (D:2)
  80 orcs
  11 endoplasms
  4 giant cockroaches
  5 goblins
  7 hobgoblins
  3 jackals (D:4)
  26 kobolds
  7 quokkas
  3 ball pythons (D:3)
  6 bats
  9 rats
542 creatures vanquished.

Vanquished Creatures (collateral kills)
  A molten gargoyle (Lair:6)
  A komodo dragon (Lair:6)
  A yak (D:11)
  3 vampire mosquitoes (D:12)
6 creatures vanquished.

Vanquished Creatures (others)
  25 fungi
  61 plants
86 creatures vanquished.

Grand Total: 634 creatures vanquished

Notes
Turn   | Place    | Note
-------+----------+-------------------------------------------
     0 | D:1      | dolemite99 the Demonspawn Berserker began the quest for the
                  | Orb.
     0 | D:1      | Reached XP level 1. HP: 18/18 MP: 1/1
   174 | D:1      | Found a faded altar of an unknown god.
   257 | D:1      | Reached skill level 3 in Maces & Flails
   524 | D:1      | You fall into a shaft and drop 1 floor!
   535 | D:2      | Gained mutation: A meltable shield of frost defends you.
                  | (SH +0) [demonic ancestry]
   535 | D:2      | Reached XP level 2. HP: 18/24 MP: 2/2
   863 | D:2      | Gained mutation: You are partially covered in icy blue
                  | scales. (AC +2) [demonic ancestry]
   863 | D:2      | Reached XP level 3. HP: 22/29 MP: 3/3
  1228 | D:2      | Reached skill level 4 in Maces & Flails
  1600 | D:2      | Reached ** piety under Trog
  2294 | D:3      | Noticed a sky beast
  2305 | D:3      | Killed a sky beast
  2306 | D:3      | Reached skill level 5 in Maces & Flails
  2306 | D:3      | Gained mutation: A meltable icy envelope protects you from
                  | harm. (AC +0) [demonic ancestry]
  2306 | D:3      | Reached XP level 4. HP: 35/35 MP: 4/4
  2306 | D:3      | Reached XP level 5. HP: 41/41 MP: 5/5
  2928 | D:3      | Found a bloodstained altar of Trog.
  3432 | D:4      | Noticed an ogre
  3441 | D:4      | Killed an ogre
  3442 | D:4      | Reached skill level 1 in Throwing
  3442 | D:4      | Reached XP level 6. HP: 47/47 MP: 6/6
  3690 | D:4      | Reached skill level 6 in Maces & Flails
  4066 | D:4      | Reached *** piety under Trog
  4548 | D:4      | Found Kelej's Antique Armour Boutique.
  4604 | D:4      | Noticed a steam dragon
  4613 | D:4      | Killed a steam dragon
  4614 | D:4      | Reached XP level 7. HP: 8/52 MP: 7/7
  5502 | D:5      | Entered Level 5 of the Dungeon
  5511 | D:5      | Reached skill level 5 in Throwing
  5512 | D:5      | Noticed Grinder
  5533 | D:5      | Killed Grinder
  5534 | D:5      | Reached XP level 8. HP: 58/58 MP: 8/8
  6213 | D:5      | Found a shadowy altar of Dithmenos.
  6280 | D:5      | Noticed Sigmund
  6291 | D:5      | Killed Sigmund
  6707 | D:5      | Reached skill level 10 in Throwing
  6790 | D:5      | Noticed Eustachio
  6829 | D:5      | Killed Eustachio
  6838 | D:5      | Reached skill level 7 in Maces & Flails
  7033 | D:5      | Found Ukhygar's Assorted Antiques.
  7051 | D:5      | Bought a scroll labelled KITYEB GYTSEIV for 19 gold pieces
  7051 | D:5      | Bought a scroll of identify for 38 gold pieces
  7061 | D:5      | Bought an encrusted gold wand for 76 gold pieces
  7061 | D:5      | Bought a wand of paralysis (13) for 38 gold pieces
  7061 | D:5      | Bought a wand of charming (4) for 38 gold pieces
  7178 | D:5      | Found a hide-covered altar of Uskayaw.
  7628 | D:5      | Noticed Dowan
  7628 | D:5      | Noticed Duvessa
  7685 | D:5      | Killed Dowan
  7741 | D:5      | Killed Duvessa
  7742 | D:5      | Reached XP level 9. HP: 63/63 MP: 9/9
  8441 | D:6      | Found a hazy altar of Hepliaklqana.
  8789 | D:6      | Found a snail-covered altar of Cheibriados.
  8862 | D:6      | Reached skill level 5 in Evocations
  8958 | D:6      | Found an iron altar of Okawaru.
  8966 | D:6      | Found a staircase to the Ecumenical Temple.
  8979 | D:6      | Noticed Edmund
  8993 | D:6      | Killed Edmund
  9801 | D:4      | Bought a pair of gloves for 130 gold pieces
 10711 | D:8      | Paralysed by a hornet for 3 turns
 11478 | D:8      | Gained mutation: You have a pair of small antennae on your
                  | head. [demonic ancestry]
 11478 | D:8      | Reached XP level 10. HP: 56/70 MP: 10/10
 11714 | D:8      | Found a basalt altar of Yredelemnul.
 12095 | D:8      | Reached skill level 5 in Fighting
 12636 | D:9      | Found an ornate altar of the Wu Jian Council.
 13508 | D:9      | Noticed a two-headed ogre
 13520 | D:9      | Killed a two-headed ogre
 13521 | D:9      | Reached skill level 5 in Armour
 13833 | D:9      | Noticed a two-headed ogre
 13851 | D:9      | Killed a two-headed ogre
 14467 | D:9      | Found a burning altar of Makhleb.
 14467 | D:9      | Found a shimmering altar of Xom.
 14697 | D:9      | Noticed Joseph
 14712 | D:9      | Killed Joseph
 14712 | D:9      | Reached **** piety under Trog
 14713 | D:9      | Gained mutation: You have a pair of antennae on your head.
                  | [demonic ancestry]
 14713 | D:9      | Reached XP level 11. HP: 51/81 MP: 11/11
 14919 | D:9      | Identified the +4 ring mail "Vearuobb" {Harm Str+4}
 15034 | D:10     | Entered Level 10 of the Dungeon
 15342 | D:10     | Noticed a two-headed ogre
 15346 | D:10     | Killed a two-headed ogre
 15347 | D:10     | Reached skill level 8 in Maces & Flails
 15448 | D:10     | Found a staircase to the Lair.
 15474 | D:10     | Found a staircase to the Orcish Mines.
 16771 | D:11     | Reached skill level 9 in Maces & Flails
 17187 | D:11     | Noticed a boulder beetle
 17199 | D:11     | Killed a boulder beetle
 17789 | D:11     | Reached skill level 10 in Maces & Flails
 18486 | Lair:1   | Entered Level 1 of the Lair of Beasts
 19218 | Lair:1   | Reached skill level 11 in Maces & Flails
 19237 | Lair:1   | Gained mutation: You regenerate magic rapidly. [demonic
                  | ancestry]
 19237 | Lair:1   | Reached XP level 12. HP: 71/87 MP: 12/12
 21738 | Lair:3   | Noticed a four-headed hydra
 21743 | Lair:3   | Killed a four-headed hydra
 21743 | Lair:3   | Reached ***** piety under Trog
 21786 | Lair:3   | Reached skill level 12 in Maces & Flails
 22690 | Lair:4   | Noticed a four-headed hydra
 22700 | Lair:4   | Killed a four-headed hydra
 22782 | Lair:4   | Found a staircase to the Snake Pit.
 23125 | Lair:4   | Noticed a death yak
 23141 | Lair:4   | Killed a death yak
 23142 | Lair:4   | Reached XP level 13. HP: 98/98 MP: 13/13
 23169 | Lair:4   | Found a staircase to the Shoals.
 25092 | Lair:5   | Reached skill level 13 in Maces & Flails
 26426 | Lair:6   | Entered Level 6 of the Lair of Beasts
 27142 | Lair:6   | Reached skill level 10 in Armour
 27168 | Lair:6   | Found a viscous altar of Jiyva.
 27169 | Lair:6   | Found a staircase to the Slime Pits.
 27466 | Lair:6   | Reached skill level 10 in Fighting
 28073 | Lair:6   | Reached XP level 14. HP: 110/110 MP: 14/14
 29686 | D:12     | Found Tuanitz's Book Boutique.
 30175 | Orc:1    | Entered Level 1 of the Orcish Mines
 30425 | Orc:2    | Entered Level 2 of the Orcish Mines
 31702 | Orc:2    | Received a gift from Trog
 31766 | Orc:2    | Found a staircase to the Elven Halls.
 32231 | Orc:2    | Slain by an orc high priest

Illustrated notes

Levels and vault maps discovered:
D:1:      dpeg_arrival_simpleton_b, layout_loops_ring,
          chequers_ecumenical_altar_grove
D:2:      layout_rooms, minmay_tromino_i4
D:3:      layout_basic, trog_butcher_becter
D:4:      layout_cave_pods, serial_shops, kennysheep_mini,
          minmay_manual_mandibuliform
D:5:      layout_basic, nicolae_uskayaw_suspiria,
          nicolae_dithmenos_shadow_blocks, serial_shops, shop_fountains,
          chequers_big_river, chequers_decorated_corner,
          minmay_misc_feat_secret_circle, kennysheep_generic_room_7,
          uniq_grinder, uniq_duvessa, uniq_eustachio, uniq_sigmund
D:6:      layout_loops_ring, mainiacjoe_overflow_catwalk, amcnicky_altar_gilded,
          mainiacjoe_overflow_large_starburst, temple_doors_e, uniq_edmund
D:7:      layout_rooms, minmay_misc_feat_encased, minmay_fountain_box,
          minmay_misc_feat_nine_boxes
D:8:      layout_loops_cross, lemuel_crystal_altar
D:9:      layout_cave_pods, nicolae_overflow_hidden_temple,
          chequers_temple_overflow_statue_of_worship, uniq_joseph
D:10:     layout_rooms, lair_entry_dummy, orc_0_dummy, special_room
          [special_room_orc]
D:11:     layout_loops_ring, serial_rivers, chequers_serial_rivers_small_3,
          chequers_serial_rivers_micro_b, chequers_serial_rivers_large_a,
          chequers_serial_rivers_room_b
D:12:     layout_layer_cave, serial_shops, kennysheep_little_box
Lair:1:   dpeg_oklob_gauntlet, layout_small_grid, guppyfry_lair_drakes
Lair:2:   layout_regular_city
Lair:3:   layout_long_grid
Lair:4:   layout_cave_pods, minmay_shoals_entry_centaurs,
          guppyfry_snake_entry_garden, grunt_megastairs_5
Lair:5:   layout_misc_corridors, chequers_serial_rivers_large_b,
          kennysheep_abandoned_house
Lair:6:   cheibrodos_lair_end_hotspot, layout_cave_pods, slime_altar_1,
          minmay_lair_oklob_chamber
Orc:1:    layout_caves, serial_shops, nicolae_shop_behind_doors
Orc:2:    st_orc_mages, layout_caves, portal_ice_cave_entry_imps, basic_altar,
          mines1_david

Skill      XL: |  1  2  3  4  5  6  7  8  9 10 11 12 13 |
---------------+----------------------------------------+-----
Maces & Flails | 3 5 6 7 11 12 13 | 13.8
Throwing       | 1 4 8 10 11 12 | 12.6
Evocations     | 4 9 |  9.4
Fighting       | 5 7 10 | 10.8
Armour         | 6 8 10 | 10.8
Dodging        | |  1.7

Action                   |  1- 3 |  4- 6 |  7- 9 | 10-12 | 13-15 || total
-------------------------+-------+-------+-------+-------+-------++-------
Melee: Flail             |    75 |   102 |   320 |   169 |       ||   666
       Mace              |     6 |       |       |       |       ||     6
       Dire flail        |       |       |       |   399 |   535 ||   934
Throw: Stone             |       |    52 |    16 |       |    12 ||    80
       Dart              |       |       |    54 |    76 |   194 ||   324
       Javelin           |       |       |       |   141 |    37 ||   178
       Boomerang         |       |       |       |       |    71 ||    71
Invok: Berserk           |     6 |     4 |     9 |     9 |     6 ||    34
       Trog's Hand       |       |       |    14 |    12 |    21 ||    47
       Brothers in Arms  |       |       |       |       |     2 ||     2
Evoke: Wand              |       |       |       |    22 |    53 ||    75
       Box of beasts     |       |       |       |       |     1 ||     1
  Use: Scroll            |     2 |     7 |    11 |     9 |    10 ||    39
       Potion            |       |       |     1 |     3 |       ||     4
 Stab: Sleeping          |     1 |       |       |       |       ||     1
Armor: Ring mail         |    36 |    40 |   125 |       |       ||   201
       Scale mail        |       |       |    54 |    58 |       ||   112
       Plate armour      |       |       |       |   292 |   362 ||   654
Dodge: Dodged            |    39 |    64 |   199 |   209 |   197 ||   708
Block: Other             |    13 |    17 |    67 |    91 |    99 ||   287

Table legend: (Time is in decaauts)
 A = Elapsed time spent in this place.
 B = Non-inter-level travel time spent in this place.
 C = Inter-level travel time spent in this place.
 D = Time resting spent in this place.
 E = Time spent auto-exploring this place.
 F = Levels seen in this place.
 G = Mean time per level.
                   A        B        C        D        E       F      G
               +--------+--------+--------+--------+--------+-----+--------+
         Total |  32254 |  30857 |   1397 |  12021 |  13477 |  20 | 1612.7 |
       Dungeon |  20286 |  19198 |   1088 |   8128 |   8125 |  12 | 1690.5 |
          Lair |  10028 |   9726 |    302 |   3621 |   4509 |   6 | 1671.3 |
  Orcish Mines |   1939 |   1933 |      6 |    272 |    843 |   2 |  969.5 |
               +--------+--------+--------+--------+--------+-----+--------+

Top non-repeatable levels by time:
     D:4: 3488 daAuts
     D:8: 2602 daAuts
     D:9: 2272 daAuts
  Lair:4: 2187 daAuts
  Lair:6: 2129 daAuts
     D:5: 2109 daAuts
    D:11: 2097 daAuts
  Lair:5: 1715 daAuts
  Lair:1: 1677 daAuts
   Orc:2: 1489 daAuts
    D:12: 1411 daAuts
     D:6: 1365 daAuts
  Lair:3: 1203 daAuts
     D:2: 1161 daAuts
  Lair:2: 1115 daAuts
